 Dungeon Crawl Stone Soup version 0.27.1-3-gb3d3a73c9e (webtiles) character file.

Game seed: 15266195374586715933

459 TNOPE the Digger (level 6, -2/46 HPs)
             Began as a Demigod Earth Elementalist on Oct 18, 2021.
             Slain by an orc (9 damage)
             ... on level 4 of the Dungeon on Oct 20, 2021.
             The game lasted 00:59:59 (7083 turns).

TNOPE the Digger (Demigod Earth Elementalist)       Turns: 7083, Time: 01:00:00

Health: -2/46      AC:  8    Str: 15    XL:     6   Next: 48%
Magic:  15/15      EV: 10    Int: 25    God:
Gold:   17         SH:  0    Dex: 14    Spells: 5/13 levels left

rFire    . . .     SeeInvis .   d - +4 quarterstaff (chaos)
rCold    . . .     Faith    .   (shield currently unavailable)
rNeg     . . .     Spirit   .   x - +0 scale mail
rPois    .         Reflect  .   (no helmet)
rElec    .         Harm     .   k - +0 cloak
rCorr    .         Rampage  .   v - +0 pair of gloves
Will     .....                  (no boots)
Stlth    +.........             (no amulet)
HPRegen  0.15/turn              w - +6 ring of strength
MPRegen  0.14/turn              j - ring of flight

@: flying, hasted, very quick
A: high mp 1, forlorn
a: no special abilities


You were on level 4 of the Dungeon.
You visited 1 branch of the dungeon, and saw 4 of its levels.

You collected 147 gold pieces.
You spent 130 gold pieces at shops.

Inventory:

Hand Weapons
 d - a +4 quarterstaff of chaos (weapon)
 e - a +0 mace
 g - a +0 dagger
 n - a +0 dagger
 r - a +0 spear
Missiles
 c - 26 stones
Armour
 b - a +0 robe
 h - a +0 robe
 k - a +0 cloak (worn)
 m - a +0 leather armour
 v - a +0 pair of gloves (worn)
 x - a +0 scale mail (worn)
Magical Staves
 a - a staff of fire
 u - a staff of poison
Jewellery
 f - a ring of poison resistance
 j - a ring of flight (right hand)
 w - a +6 ring of strength (left hand)
Wands
 i - a wand of iceblast (13)
Scrolls
 l - a scroll of brand weapon {unknown}
 o - a scroll of fog
 p - a scroll of immolation {unknown}
 s - a scroll of fear {unknown}
 t - 2 scrolls of teleportation {unknown}
Potions
 q - a potion of lignification {unknown}
 A - a potion of degeneration {unknown}


   Skills:
 + Level 0.4 Fighting
 - Level 0.6 Short Blades
 - Level 0.1 Maces & Flails
 + Level 1.5 Armour
 + Level 2.4 Dodging
 - Level 1.7 Stealth
 + Level 4.1 Spellcasting
 + Level 1.1 Transmutations
 + Level 4.7 Earth Magic


You had 5 spell levels left.
You knew the following spells:

 Your Spells              Type           Power      Damage    Failure   Level
a - Sandblast             Erth           58%        2d13      4%          1
b - Passwall              Tmut/Erth      15%        N/A       16%         2
c - Stone Arrow           Conj/Erth      34%        3d9       38%         3
d - Sublimation of Blood  Necr           2%         N/A       47%         2

Your spell library contained the following spells:

 Spells                   Type           Power      Damage    Failure   Level
 Petrify                  Tmut/Erth      19%        N/A       71%         4
 Leda's Liquefaction      Hex/Erth       8%         N/A       80%         4
 Agony                    Necr           5%         N/A       100%        5
 Conjure Ball Lightning   Conj/Air       2%         3x3d6     100%        6
 Haunt                    Necr/Summ      2%         N/A       100%        7
 Discord                  Hex            2%         N/A       100%        8
 Disjunction              Tloc           2%         N/A       100%        8


Dungeon Overview and Level Annotations

Branches:
Dungeon (4/15)
 Temple: D:4-7

Shops:
D:2 !


Innate Abilities, Weirdness & Mutations

Your attributes grow dramatically as you level up.
You have an increased reservoir of magic. (+10% MP)
You shall have no god before yourself.


Message History

Confirm with . or Enter, or press ? or * to list all spells.
Aiming: Sandblast (safe; 4% risk of failure)
Press: ? - help, Shift-Dir - straight line, f/p - orc
Aim: an orc, wielding a +2 dagger of venom and wearing a +0 scale mail (severely wounded, 83% to hit)
The blast of sand hits the orc!
You kill the orc!
The orc hits you with a +0 club.
You barely miss the orc. The orc closely misses you.
The orc hits you but does no damage.
You hit the orc.
The orc seems to grow stronger.
The orc is lightly wounded.
The orc hits you with a +0 club. The orc closely misses you.
The orc hits you but does no damage.
You closely miss the orc.
The orc is lightly wounded.
The orc hits you from afar with a +0 trident.
The orc closely misses you.
You hit the orc. You freeze the orc.
The orc is severely wounded.
The orc barely misses you. x2
You sock the orc!
You kill the orc!
The orc barely misses you. The orc closely misses you.
You hit the orc but do no damage.
The orc goes berserk!
The orc hits you with a +3 flail! The orc misses you.
The orc hits you but does no damage. The orc hits you with a +3 flail!
* * * LOW HITPOINT WARNING * * *
The orc completely misses you.
The orc rages.
The orc hits you with a +3 flail!
* * * LOW HITPOINT WARNING * * *
You feel yourself speed up. The orc misses you. The orc barely misses you.
Unknown command.
The orc rages.
The orc rages.
The orc rages.
You see here 7 boomerangs.
The orc hits you with a +3 flail!
You die...

## .# ###### ### .##
#....# ##.###
..######....####....##
.........o....(......##
.o.....##...##.o.##)..###
##########..####@####...##
# ###### ##.# #.##
##...### ### #....# ###
#..# ##....####.. .....#
#..# ###...##... ...###
#..# ##....... .### #..#
##...... ## ##.# ###.... #
#.## ##... #### #..# ##..


You could see an orc (berserk).

Vanquished Creatures
  2 phantoms
  A water moccasin zombie (D:3)
  Crazy Yiuf (D:3)
  A jelly (D:4)
  Ijyb (D:3)
  6 adders
  4 gnolls
  An ufetubus (D:4)
  A worm (D:4)
  4 orcs (D:4)
  8 endoplasms
  3 giant cockroaches
  3 goblins (D:1)
  8 hobgoblins
  2 jackals (D:1)
  5 kobolds
  5 quokkas
  13 ball pythons
  A bat (D:1)
  3 frilled lizards
73 creatures vanquished.

Vanquished Creatures (others)
  28 plants
28 creatures vanquished.

Grand Total: 101 creatures vanquished

Notes
Turn   | Place    | Note
-------+----------+-------------------------------------------
     0 | D:1      | TNOPE the Demigod Earth Elementalist began the quest for
                  | the Orb.
     0 | D:1      | Reached XP level 1. HP: 14/14 MP: 5/5
    93 | D:1      | Reached skill level 1 in Transmutations
   285 | D:1      | Reached XP level 2. HP: 20/20 MP: 7/7
   529 | D:1      | Learned a level 2 spell: Passwall
  1234 | D:1      | Identified a scroll of acquirement
  1234 | D:1      | Acquired a staff of fire
  1657 | D:2      | Reached XP level 3. HP: 26/26 MP: 6/8
  1716 | D:2      | Learned a level 3 spell: Stone Arrow
  2052 | D:2      | Found Nifyir's Distillery.
  2950 | D:3      | Noticed Ijyb
  2963 | D:3      | Killed Ijyb
  2964 | D:3      | Reached XP level 4. HP: 33/33 MP: 6/10
  2970 | D:3      | Got the Papyrus of Ensnaring Dark Secrets
  2974 | D:3      | Learned a level 2 spell: Sublimation of Blood
  3168 | D:3      | Found a runed translucent door.
  3169 | D:3      | Noticed Crazy Yiuf
  3420 | D:3      | Noticed a spectral centipede
  3420 | D:3      | Noticed a spectral black mamba
  3420 | D:3      | Noticed a spectral cane toad
  4292 | D:3      | Reached XP level 5. HP: 38/38 MP: 9/12
  4603 | D:3      | Killed Crazy Yiuf
  5197 | D:3      | Reached skill level 1 in Armour
  5197 | D:3      | Reached XP level 6. HP: 36/45 MP: 12/14
  6638 | D:2      | Bought a potion of haste for 130 gold pieces
  7083 | D:4      | Slain by an orc

Illustrated notes

Levels and vault maps discovered:
D:1:      dpeg_arrival_morbid_curiosity, layout_basic
D:2:      layout_loops_cross, serial_shops, nicolae_shop_trees, basic_altar
D:3:      layout_basic, nicolae_ru_the_path_less_chosen,
          pdpol_wu_jian_five_deadly_venoms,
          shapermc_ecumenical_altar_mp_urbaneastern, uniq_crazy_yiuf_cottage,
          uniq_ijyb
D:4:      layout_cave_pods, mainiacjoe_overflow_cross_hatched,
          grunt_ministairs_9, minmay_snake_closets

Skill      XL: |  1  2  3  4  5  6 |
---------------+-------------------+-----
Transmutations | 1 |  1.1
Earth Magic    | 3 4 |  4.7
Dodging        | 2 |  2.4
Spellcasting   | 2 3 4 |  4.1
Armour         | 1 |  1.5
Fighting       | |  0.4
Short Blades   | |  0.6
Maces & Flails | |  0.1
Stealth        | |  1.7

Action                   |  1- 3 |  4- 6 || total
-------------------------+-------+-------++-------
Melee: Unarmed           |     2 |       ||     2
       Mace              |    23 |       ||    23
       Dagger            |    46 |    12 ||    58
       Quarterstaff      |       |    34 ||    34
       Spear             |       |     1 ||     1
 Cast: Sandblast         |    49 |    47 ||    96
       Passwall          |       |     7 ||     7
  Use: Scroll            |     3 |     1 ||     4
       Potion            |     3 |     2 ||     5
 Stab: Sleeping          |       |     1 ||     1
Armor: Robe              |    12 |       ||    12
       Leather armour    |       |     6 ||     6
       Scale mail        |       |     9 ||     9
Dodge: Dodged            |    48 |    46 ||    94
